 Dungeon Crawl Stone Soup version 0.27.1-33-g824d729ab1 (webtiles) character file.

Game seed: 6431661165720912294

416 hamarrboo the Poker (level 7, 0/81 HPs)
             Began as a Human Berserker on Dec 4, 2021.
             Was a Believer of Trog.
             Succumbed to a killer bee's poison
             ... on level 4 of the Dungeon.
             The game lasted 00:13:59 (3869 turns).

hamarrboo the Poker (Human Berserker)               Turns: 3869, Time: 00:14:00

Health: 0/81       AC:  6    Str: 19    XL:     7   Next: 15%
Magic:  7/7        EV: 14    Int:  8    God:    Trog [**....]
Gold:   158        SH:  0    Dex: 12    Spells: 6/6 levels left

rFire    . . .     SeeInvis .   j - +3 hand axe
rCold    . . .     Faith    .   (no shield)
rNeg     . . .     Spirit   .   i - +0 scale mail
rPois    .         Reflect  .   (no helmet)
rElec    .         Harm     .   (no cloak)
rCorr    .         Rampage  .   (no gloves)
Will     .....                  (no boots)
Stlth    ..........             (no amulet)
HPRegen  0.23/turn              h - +4 ring of evasion
MPRegen  0.10/turn              (no ring)

@: berserking (expiring), lethally poisoned (0 -> -8), very quick
A: no striking features
a: Renounce Religion, Berserk, Trog's Hand


You were on level 4 of the Dungeon.
You worshipped Trog.
Trog was pleased with you.
You visited 1 branch of the dungeon, and saw 5 of its levels.

You collected 158 gold pieces.

Inventory:

Hand Weapons
 a - a +0 spear
 j - a +3 hand axe (weapon)
Missiles
 n - 14 boomerangs (quivered)
Armour
 i - a +0 scale mail (worn)
Jewellery
 h - a +4 ring of evasion (left hand)
Scrolls
 c - a scroll of noise {unknown}
 d - 6 scrolls of identify {unknown}
 f - a scroll of fear {unknown}
 l - a scroll of teleportation {unknown}
 p - a scroll of immolation {unknown}
Potions
 b - 2 potions of ambrosia {unknown}
 e - 2 potions of curing
 g - a potion of attraction {unknown}
 k - a potion of might {unknown}
 m - a potion of degeneration {unknown}
 o - 2 potions of brilliance {unknown}


   Skills:
 + Level 4.0 Fighting
 * Level 2.4(4.0) Axes
 - Level 5.0(5.3) Polearms
 + Level 1.8 Throwing
 + Level 3.2 Armour
 + Level 2.5 Dodging
 + Level 0.9 Stealth


You had 6 spell levels left.
You didn't know any spells.
Your spell library was empty.

Dungeon Overview and Level Annotations

Branches:
Dungeon (5/15)
 Temple: D:4-7

Altars:

Annotations:
D:4 3 runed translucent doors, exclusion: 3 doors, Joey1's ghost, amateur GrFi


Message History

The killer bee completely misses you.
You have reached level 7!
You slash the killer bee!
The killer bee is severely wounded.
You feel sick. The killer bee barely misses you. The killer bee stings you.
* * * LOW HITPOINT WARNING * * *
You are lethally poisoned!
The killer bee poisons you!
Unknown command.
You are too berserk!
You miss the killer bee.
The killer bee is severely wounded.
* * * LOW HITPOINT WARNING * * *
You feel very sick. The killer bee completely misses you.
You hit the killer bee.
The killer bee is almost dead.
* * * LOW HITPOINT WARNING * * *
You feel very sick.
The killer bee stings you but does no damage.
The killer bee stings you.
* * * LOW HITPOINT WARNING * * *
You miss the killer bee.
The killer bee is almost dead.
* * * LOW HITPOINT WARNING * * *
You feel sick. The killer bee barely misses you.
You are too berserk!
You are too berserk!
You hit the killer bee.
You kill the killer bee!
Trog accepts your kill.
* * * LOW HITPOINT WARNING * * *
You feel sick.
Your base Axes skill increases to level 2!
You are too berserk!
* * * LOW HITPOINT WARNING * * *
You feel sick.
You are too berserk!
You feel a strong urge to attack something.
You die...

#.........##
##...## #
#..)<..........>..
.####.....####
#................#
..............
#########........#
######.######
........# ##.#
........# #..#
........# ##.##
......†.## #..#
.......@.######.##
.........##.....#
.........##.....#
#####+##..'....:#
#####.....#
+.........#
####......#
#.###### #.#


There were no monsters in sight!

Vanquished Creatures
  A water moccasin skeleton (D:4)
  2 killer bees (D:4)
  2 hounds
  An orc priest (D:4)
  Terence (D:2)
  An orc wizard (D:4)
  6 adders
  A worm (D:3)
  5 dart slugs
  12 orcs
  4 ball pythons
  9 bats
  4 endoplasms
  2 giant cockroaches
  5 goblins
  5 hobgoblins
  A quokka (D:3)
  A frilled lizard (D:3)
  6 kobolds
  4 rats
73 creatures vanquished.

Notes
Turn   | Place    | Note
-------+----------+-------------------------------------------
     0 | D:1      | hamarrboo the Human Berserker began the quest for the Orb.
     0 | D:1      | Reached XP level 1. HP: 18/18 MP: 1/1
   347 | D:1      | Reached XP level 2. HP: 24/24 MP: 2/2
   828 | D:1      | Reached XP level 3. HP: 28/29 MP: 3/3
   871 | D:1      | Found a faded altar of an unknown god.
  1084 | D:2      | Noticed Terence
  1093 | D:2      | Killed Terence
  1094 | D:2      | Reached skill level 4 in Polearms
  1263 | D:2      | Reached XP level 4. HP: 17/35 MP: 4/4
  1951 | D:2      | Reached XP level 5. HP: 42/42 MP: 5/5
  2104 | D:3      | Reached ** piety under Trog
  2861 | D:3      | Reached skill level 5 in Polearms
  3229 | D:4      | Reached skill level 1 in Axes
  3229 | D:4      | Reached skill level 1 in Throwing
  3229 | D:4      | Reached XP level 6. HP: 30/48 MP: 6/6
  3561 | D:4      | Found a runed translucent gate.
  3563 | D:4      | Found a runed translucent gate.
  3563 | D:4      | Found a runed translucent gate.
  3566 | D:4      | Noticed Joey1's ghost (amateur GrFi)
  3853 | D:5      | Entered Level 5 of the Dungeon
  3863 | D:4      | Reached XP level 7. HP: 23/54 MP: 7/7
  3866 | D:4      | HP: 4/81 [poisoned by a killer bee]
  3868 | D:4      | HP: 1/81 [poisoned by a killer bee]
  3869 | D:4      | Succumbed to a killer bee's poison

Illustrated notes

Levels and vault maps discovered:
D:1:      mainiacjoe_arrival_reflecting_pool, layout_loops_ring,
          shapermc_ecumenical_altar_petra, chequers_decorated_corner
D:2:      layout_loops_ring, uniq_terence
D:3:      layout_basic
D:4:      cheibrodos_barr_body, layout_basic, gammafunk_ghost_necromancy
D:5:      layout_loops_cross, beargit_hepliaklqana_dungeon_heroes

Skill      XL: |  1  2  3  4  5  6  7 |
---------------+----------------------+-----
Polearms       | 4 5 |  5.0
Axes           | 1 2 |  2.4
Throwing       | 1 |  1.8
Fighting       | 4 |  4.0
Armour         | 3 |  3.2
Dodging        | |  2.5
Stealth        | |  0.9

Action                   |  1- 3 |  4- 6 |  7- 9 || total
-------------------------+-------+-------+-------++-------
Melee: Spear             |    92 |    87 |       ||   179
       Hand axe          |       |    52 |     5 ||    57
Throw: Dart              |       |    18 |       ||    18
       Boomerang         |       |    30 |       ||    30
Invok: Berserk           |     1 |     4 |       ||     5
  Use: Potion            |       |     1 |       ||     1
 Stab: Sleeping          |     2 |       |       ||     2
Armor: Animal skin       |     7 |       |       ||     7
       Leather armour    |     5 |       |       ||     5
       Scale mail        |     2 |    37 |     1 ||    40
Dodge: Dodged            |    42 |    99 |     3 ||   144
